 Dungeon Crawl Stone Soup version 0.31-a0-986-g5e6e4ef867 (webtiles) character file.

Game seed: 2188595348041066820

65 LadyBoffin the Shooter (level 4, -1/27 HPs)
             Began as a Kobold Hunter on Nov 7, 2023.
             Slain by a gnoll
             ... wielding a +0 spear
              (6 damage)
             ... on level 2 of the Dungeon.
             The game lasted 00:04:44 (1053 turns).

LadyBoffin the Shooter (Kobold Hunter)              Turns: 1053, Time: 00:04:45

Health: -1/27      AC:  3    Str:  8    XL:     4   Next: 35%
Magic:  4/4        EV: 15    Int: 10    God:
Gold:   37         SH:  0    Dex: 20    Spells: 3/3 levels left

rFire   . . .        a - +0 shortbow
rCold   . . .        (shield currently unavailable)
rNeg    . . .        c - +0 leather armour
rPois   .            (no helmet)
rElec   .            (no cloak)
rCorr   .            (no gloves)
SInv    .            (no boots)
Will    .....        (no amulet)
Stlth   +++          (no ring)
HPRegen 0.24/turn    (no ring)
MPRegen 0.09/turn

%: no passive effects
@: no status effects
A: small, no large weapons, nightstalker 3
a: no special abilities


You were on level 2 of the Dungeon.
You visited 1 branch of the dungeon, and saw 2 of its levels.

You collected 37 gold pieces.

Inventory:

Hand Weapons
 a - a +0 shortbow (weapon)
Armour
 c - a +0 leather armour (worn)
Scrolls
 b - a scroll of butterflies
 f - a scroll of teleportation
 g - a scroll of fog
Potions
 d - a potion of attraction {unknown}
 e - 2 potions of curing {unknown}
 h - a potion of degeneration {unknown}


   Skills:
 + Level 2.6 Fighting
 + Level 6.9 Ranged Weapons
 + Level 0.2 Armour
 + Level 2.6 Dodging
 + Level 1.5 Stealth


You had 3 spell levels left.
You didn't know any spells.
Your spell library was empty.

Dungeon Overview and Level Annotations

Branches:
Dungeon (2/15)

Altars:


Innate Abilities, Weirdness & Mutations

You are small and have problems with some larger weapons.
You are completely attuned to the shadows.


Message History

Aim: a kobold, wielding a +0 whip and quivering stones (asleep, 98% to hit)
You shoot an arrow. The arrow hits the kobold.
You kill the kobold!
Unknown command. 2 gnolls come into view.
There are monsters nearby!
There are monsters nearby!
Fire: a) +0 shortbow
Press: ? - help, Q - select action Shift-Dir - straight line, f - gnoll
Aim: a gnoll, wielding a +0 spear (asleep, 98% to hit)
You shoot an arrow.
The arrow hits the gnoll but does no damage.
The gnoll shouts!
You hear an angry hiss.
A gnoll comes into view. It is wielding a +3 spear.
Fire: a) +0 shortbow
Press: ? - help, Q - select action Shift-Dir - straight line, f/p - gnoll
Aim: a gnoll, wielding a +0 spear (69% to hit)
You shoot an arrow. The gnoll shouts!
The arrow hits the gnoll!
The gnoll is severely wounded.
You hear a shout!
The gnoll hits you from afar with a +0 spear!
Unknown command.
Fire: a) +0 shortbow
Press: ? - help, Q - select action Shift-Dir - straight line, f/p - gnoll
Aim: a gnoll, wielding a +0 spear (severely wounded, 69% to hit)
You shoot an arrow. The arrow barely misses the gnoll.
The gnoll hits you from afar with a +3 spear!
The gnoll closely misses you.
Fire: a) +0 shortbow
Press: ? - help, Q - select action Shift-Dir - straight line, f/p - gnoll
Aim: a gnoll, wielding a +0 spear (severely wounded, 69% to hit)
You shoot an arrow. The arrow barely misses the gnoll.
The gnoll hits you from afar with a +3 spear.
* * * LOW HITPOINT WARNING * * *
A hobgoblin comes into view.
The gnoll hits you from afar with a +0 spear.
You die... ..### .g.g #gg

#.# #@# #.# #.#
#..# #.# #..# #.#
#..# ####.#####..#
............#
####.####...######
#.# #........#


You could see 3 gnolls and a hobgoblin (wandering).

Vanquished Creatures
  A gnoll (D:1)
  5 dart slugs (D:1)
  4 endoplasms (D:1)
  3 giant cockroaches (D:1)
  4 goblins
  7 hobgoblins
  3 jackals (D:1)
  2 quokkas (D:1)
  A ball python (D:1)
  3 bats
  3 frilled lizards (D:1)
  2 kobolds
  2 rats (D:1)
40 creatures vanquished.

Notes
Turn   | Place    | Note
-------+----------+-------------------------------------------
     0 | D:1      | LadyBoffin the Kobold Hunter began the quest for the Orb.
     0 | D:1      | Reached XP level 1. HP: 12/12 MP: 1/1
    48 | D:1      | Reached XP level 2. HP: 17/17 MP: 2/2
    96 | D:1      | Reached skill level 6 in Ranged Weapons
   238 | D:1      | Reached XP level 3. HP: 19/21 MP: 3/3
   643 | D:1      | Reached XP level 4. HP: 27/27 MP: 4/4
  1053 | D:2      | Slain by a gnoll

Illustrated notes

Levels and vault maps discovered:
D:1:      mainiacjoe_arrival_oval_in_oval, layout_loops_ring, serial_bayou,
          serial_bayou_pond_c, serial_bayou_pond_e, serial_bayou_pond_d,
          serial_bayou_shore_a, serial_bayou_pond_d, serial_bayou_pond_b,
          hex_large
D:2:      layout_basic, nicolae_titane, uniq_sigmund

Skill      XL: |  1  2 |
---------------+-------+-----
Ranged Weapons | 6 |  6.9
Fighting       | |  2.6
Armour         | |  0.2
Dodging        | |  2.6
Stealth        | |  1.5

Action                     |  1- 3 |  4- 6 || total
---------------------------+-------+-------++-------
   Fire: Shortbow          |    83 |    16 ||    99
    Use: Scroll            |     2 |       ||     2
 Armour: Leather armour    |    17 |     5 ||    22
  Dodge: Dodged            |    31 |     6 ||    37

Table legend: (Time is in decaauts)
 A = Elapsed time spent in this place.
 B = Non-inter-level travel time spent in this place.
 C = Inter-level travel time spent in this place.
 D = Time resting spent in this place.
 E = Time spent auto-exploring this place.
 F = Levels seen in this place.
 G = Mean time per level.
                   A        B        C        D        E       F      G
               +--------+--------+--------+--------+--------+-----+--------+
         Total |   1108 |   1034 |     74 |     26 |    839 |   2 |  554.0 |
       Dungeon |   1108 |   1034 |     74 |     26 |    839 |   2 |  554.0 |
               +--------+--------+--------+--------+--------+-----+--------+

Top non-repeatable levels by time:
     D:1: 936 daAuts
     D:2: 171 daAuts
